 Dungeon Crawl Stone Soup version 0.26-a0-1191-ge2a0e31ab3 (webtiles) character file.

Game seed: 7985110973869081623

2347 dolemite99 the Cleaver (level 9, -11/79 HPs)
             Began as a Minotaur Fighter on Dec 29, 2020.
             Was an Initiate of Gozag.
             Splashed by a centaur's acid (16 damage)
             ... on level 6 of the Dungeon.
             The game lasted 00:08:56 (7688 turns).

dolemite99 the Cleaver (Minotaur Fighter)           Turns: 7688, Time: 00:08:57

Health: -11/79     AC: 16    Str: 24    XL:     9   Next: 20%
Magic:  8/8        EV:  5    Int:  5    God:    Gozag
Gold:   714        SH: 11    Dex: 10    Spells: 8/8 levels left

rFire    . . .     SeeInvis .   a - +2 war axe
rCold    . . .     Faith    .   c - +0 kite shield
rNeg     . . .     Spirit   .   m - -1 plate armour
rPois    .         Reflect  .   (helmet restricted)
rElec    .         Harm     +   u - +2 cloak
rCorr    .         Rampage  +   G - +0 pair of gloves of the Desert {Harm Rampage} (curse)
Will     .....                  L - +2 pair of boots {run}
Stlth    ..........             (no amulet)
HPRegen  0.23/turn              (no ring)
MPRegen  0.11/turn              (no ring)

@: corroded, quick
A: retaliatory headbutt, horns 2
a: Renounce Religion, Potion Petition, Call Merchant, Bribe Branch


You were on level 6 of the Dungeon.
You worshipped Gozag.
Gozag was pleased with you.
You visited 1 branch of the dungeon, and saw 8 of its levels.
You also visited: Ossuary.

You collected 829 gold pieces.
You paid 115 gold pieces to Gozag.

Inventory:

Hand Weapons
 a - a +2 war axe (weapon)
 d - a +2 dagger of draining
Missiles
 f - 21 sling bullets
 h - 222 stones (quivered)
 l - 39 arrows
Armour
 b - a +0 scale mail
 c - a +0 kite shield (worn)
 e - a +0 buckler
 m - a -1 plate armour (worn)
 s - a +0 chain mail
 u - a +2 cloak (worn)
 G - the cursed +0 pair of gloves of the Desert (worn) {Harm Rampage}
   (You found it on level 8 of the Dungeon)

   It increases damage dealt and taken.
   It bestows one free step when moving towards enemies.
   It has a curse placed upon it.
 L - a +2 pair of boots of running (worn)
Jewellery
 p - an uncursed ring of flight {unknown}
 t - an uncursed amulet of the acrobat {unknown}
 E - an uncursed ring of teleportation
 F - an uncursed ring of protection from cold {unknown}
 I - a +4 ring of evasion {unknown}
Wands
 H - a wand of iceblast (6)
 K - a wand of digging (6)
Scrolls
 i - 3 scrolls of fear
 k - 5 scrolls of remove curse {@r2}
 y - a scroll of enchant armour
 D - 2 scrolls of teleportation
 J - 2 scrolls of fog {unknown}
 N - a scroll of noise {unknown}
Potions
 g - 3 potions of lignification
 j - a potion of heal wounds {unknown}
 n - 4 potions of haste {unknown}
 o - a potion of brilliance {unknown}
 q - a potion of cancellation {unknown}
 r - 2 potions of might
 v - 2 potions of invisibility {unknown}
 w - a potion of ambrosia {unknown}
 x - 2 potions of mutation {unknown}
 z - 2 potions of flight
 A - a potion of degeneration {unknown}
 B - a potion of resistance {unknown}
 C - 2 potions of attraction {unknown}
 M - 2 potions of curing {unknown}


   Skills:
 + Level 7.5 Fighting
 * Level 9.6 Axes
 + Level 7.6 Armour
 + Level 7.6 Shields


You had 8 spell levels left.
You didn't know any spells.
Your spell library contained the following spells:

 Spells                   Type           Power        Failure   Level
 Magic Dart               Conj           0%           100%        1
 Blink                    Tloc           N/A          100%        2
 Call Imp                 Summ           0%           100%        2
 Slow                     Hex            0%           100%        2
 Confusing Touch          Hex            0%           100%        3
 Conjure Flame            Conj/Fire      0%           100%        3
 Gell's Gravitas          Tloc           0%           100%        3
 Mephitic Cloud           Conj/Pois/Air  0%           100%        3
 Petrify                  Tmut/Erth      0%           100%        4
 Metabolic Englaciation   Hex/Ice        0%           100%        5
 Yara's Violent Unravell  Hex/Tmut       0%           100%        5


Dungeon Overview and Level Annotations

Branches:
Dungeon (8/15)             Temple (0/1) D:5         Ossuary (visited)
   Lair: D:8-11

Altars:
Gozag
Uskayaw
Vehumet
Yredelemnul

Shops:
D:5 =

Annotations:
D:4 1 runed translucent door, CowFu's ghost, amateur DrTm
D:6 1 runed translucent door


Innate Abilities, Weirdness & Mutations

You reflexively headbutt those who attack you in melee.
You have a pair of horns on your head.


Message History

You see here an arrow.
The centaur shoots an arrow.
You block the arrow.
The centaur zaps a wand.
The bolt of acid hits you. The acid corrodes you!
You are splashed with acid!
You see here an arrow.
A sky beast comes into view.
The centaur zaps a wand.
The bolt of acid hits you! The acid corrodes you!
You are splashed with acid!
You slash the centaur!
The centaur is severely wounded.
The centaur unwields a +0 shortbow.
The centaur wields a +0 club.
The centaur barely misses you. You block the centaur's attack.
You hit the centaur but do no damage.
The centaur is severely wounded.
The centaur zaps a wand.
The bolt of acid hits you!
* * * LOW HITPOINT WARNING * * *
You are splashed with acid!
You die...
Your body crumbles into a pile of gold.

...
.......#...........#..#
#..
....................##..
..............#.....#..#
..........(...###......#
........................
............(...........
........................
..Y.......(.............
..##.c@.(........#.##..
# #.#...........### ..
...#...........# #.
#.................. #
#......#..##.......
........#......#.#..#
........#......######
#.....##..... . ###..#
##....


You could see a sky beast and a centaur.

Vanquished Creatures
  A wyvern (D:8)
  A wraith (Ossuary)
  A water moccasin (D:5)
  A black bear (D:8)
  A phantom (D:4)
  2 ice beasts (D:5)
  An ogre (D:4)
  Blork the orc (D:5)
  A bullfrog (D:8)
  4 scorpions
  A howler monkey (D:8)
  2 bullfrog zombies
  2 jellies
  6 hounds
  2 orc priests
  A bullfrog skeleton (D:7)
  8 orc wizards
  A centaur skeleton (D:4)
  An iguana (D:6)
  6 worker ants
  A hound zombie (D:5)
  A hound skeleton (D:8)
  A mummy (Ossuary)
  8 adders
  7 gnolls (D:5)
  A shadow imp (D:8)
  A white imp (D:5)
  An ooze (D:5)
  6 worms
  5 dart slugs
  4 leopard geckos
  17 orcs
  4 bats
  8 giant cockroaches
  8 hobgoblins
  4 jackals (D:3)
  6 kobolds
  5 quokkas
  4 ball pythons
  3 frilled lizards
  6 gnoll skeletons (Ossuary)
  6 goblins
  A goblin zombie (D:6)
  A jackal skeleton (D:4)
  A jackal zombie (D:6)
  5 kobold skeletons
  15 orc skeletons (Ossuary)
  7 rats
181 creatures vanquished.

Notes
Turn   | Place    | Note
-------+----------+-------------------------------------------
     0 | D:1      | dolemite99 the Minotaur Fighter began the quest for the
                  | Orb.
     0 | D:1      | Reached XP level 1. HP: 19/19 MP: 0/0
   135 | D:1      | Reached XP level 2. HP: 24/27 MP: 1/1
   277 | D:1      | Reached skill level 3 in Axes
   774 | D:2      | Reached XP level 3. HP: 29/33 MP: 2/2
  1802 | D:3      | Reached XP level 4. HP: 32/40 MP: 3/3
  2012 | D:3      | Reached skill level 4 in Axes
  2262 | D:3      | Reached XP level 5. HP: 47/47 MP: 4/4
  2950 | D:4      | Found a runed translucent door.
  2951 | D:4      | Noticed CowFu's ghost (amateur DrTm)
  3091 | D:4      | Found a sand-covered staircase.
  3099 | Ossuary  | Entered an ossuary
  3099 | Ossuary  | Noticed a wraith
  3099 | Ossuary  | Noticed a wraith
  3099 | Ossuary  | Noticed a wraith
  3437 | Ossuary  | Noticed a wraith
  3453 | Ossuary  | Killed a wraith
  3454 | Ossuary  | Reached skill level 5 in Fighting
  3454 | Ossuary  | Reached skill level 5 in Axes
  3454 | Ossuary  | Reached skill level 5 in Armour
  3454 | Ossuary  | Reached skill level 5 in Shields
  3454 | Ossuary  | Reached XP level 6. HP: 18/56 MP: 5/5
  4130 | D:4      | Reached skill level 6 in Axes
  4130 | D:4      | Reached XP level 7. HP: 29/61 MP: 6/6
  4861 | D:5      | Entered Level 5 of the Dungeon
  4863 | D:5      | You fall into a shaft and drop 3 floors!
  5202 | D:8      | Got a pair of twisted gloves
  5208 | D:8      | Identified the cursed +0 pair of gloves of the Desert {Harm
                  | Rampage} (You found it on level 8 of the Dungeon)
  5234 | D:8      | Found an opulent altar of Gozag.
  5234 | D:8      | Found a radiant altar of Vehumet.
  5239 | D:8      | Found a hide-covered altar of Uskayaw.
  5242 | D:8      | Became a worshipper of Gozag Ym Sagoz the Greedy
  5372 | D:8      | Noticed a wyvern
  5383 | D:8      | Killed a wyvern
  5384 | D:8      | Reached skill level 7 in Axes
  5396 | D:8      | Reached XP level 8. HP: 14/70 MP: 7/7
  6409 | D:6      | Found a runed translucent door.
  6422 | D:6      | Found a basalt altar of Yredelemnul.
  6461 | D:6      | Reached skill level 8 in Axes
  6485 | D:5      | Found Daolacs's Jewellery Shop.
  6572 | D:5      | Identified a +2 pair of boots of running (You found it on
                  | level 5 of the Dungeon)
  6717 | D:5      | Noticed Blork the orc
  6727 | D:5      | Killed Blork the orc
  6815 | D:5      | Reached skill level 9 in Axes
  6951 | D:5      | Found a staircase to the Ecumenical Temple.
  7023 | D:5      | Reached XP level 9. HP: 79/79 MP: 8/8
  7688 | D:6      | Splashed by a centaur's acid

Illustrated notes

Levels and vault maps discovered:
D:1:      sevenhm_arrival_forest_fort_large_4, layout_basic
D:2:      layout_loops_corners, kennysheep_generic_room_3
D:3:      layout_basic, lemuel_another_geyser
D:4:      layout_gridville, portal_sewer_entry_a, nicolae_ossuary_entry_plus,
          ebering_ghost_sewer_d, chequers_serial_rivers_room_a
D:5:      layout_basic, minmay_temple_entry_junction, serial_shops, shop_coins,
          uniq_blork_the_orc
D:6:      layout_cave_pools, nicolae_overflow_hidden_temple,
          dk_yredelemnul_ordeal
D:7:      layout_basic
D:8:      layout_loops_corners, gammafunk_temple_overflow_forgotten,
          blue_anna_alchemist [blue_anna_fruit_fields, blue_anna_fruit_fields]

Skill      XL: |  1  2  3  4  5  6  7  8 |
---------------+-------------------------+-----
Axes           | 3 4 5 6 7 9 |  9.6
Armour         | 4 5 6 7 |  7.6
Fighting       | 4 5 6 7 |  7.5
Shields        | 4 5 6 7 |  7.6

Action                   |  1- 3 |  4- 6 |  7- 9 || total
-------------------------+-------+-------+-------++-------
Melee: War axe           |    87 |   147 |   190 ||   424
       Headbutt          |    11 |    22 |    41 ||    74
Throw: Stone             |    24 |    18 |     2 ||    44
  Use: Potion            |       |     1 |       ||     1
       Scroll            |       |    12 |     1 ||    13
Armor: Scale mail        |    53 |    13 |       ||    66
       Chain mail        |       |    39 |       ||    39
       Plate armour      |       |    43 |   121 ||   164
Dodge: Dodged            |    37 |    40 |    24 ||   101
Block: Buckler           |    15 |    11 |       ||    26
       Kite shield       |     1 |    37 |   103 ||   141

Table legend: (Time is in decaauts)
 A = Elapsed time spent in this place.
 B = Non-inter-level travel time spent in this place.
 C = Inter-level travel time spent in this place.
 D = Time resting spent in this place.
 E = Time spent auto-exploring this place.
 F = Levels seen in this place.
 G = Mean time per level.
                   A        B        C        D        E       F      G
               +--------+--------+--------+--------+--------+-----+--------+
         Total |   7736 |   7591 |    145 |   1092 |   4829 |   9 |  859.6 |
       Dungeon |   7073 |   6928 |    145 |    915 |   4564 |   8 |  884.1 |
       Ossuary |    663 |    663 |      0 |    177 |    265 |   1 |  663.0 |
               +--------+--------+--------+--------+--------+-----+--------+

Top non-repeatable levels by time:
     D:8: 1321 daAuts
     D:4: 1318 daAuts
     D:3: 1286 daAuts
     D:5: 1031 daAuts
     D:2: 919 daAuts
     D:1: 781 daAuts
 Ossuary: 663 daAuts
     D:7: 215 daAuts
     D:6: 200 daAuts
